 Dungeon Crawl Stone Soup version 0.30-a0-883-g5ad918d77d (webtiles) character file.

Game seed: 17483403174627889019

778 Newt the Chucker (level 7, 0/56 HPs)
             Began as a Demonspawn Gladiator on Mar 17, 2023.
             Killed by divine providence
             ... invoked by an orc priest
              (11 damage)
             ... on level 4 of the Dungeon.
             The game lasted 00:04:21 (3947 turns).

Newt the Chucker (Demonspawn Gladiator)             Turns: 3947, Time: 00:04:21

Health: 0/56       AC: 10    Str: 16    XL:     7   Next: 54%
Magic:  25/25      EV: 13    Int:  9    God:
Gold:   243        SH:  0    Dex: 15    Spells: 6/6 levels left

rFire   . . .      SeeInvis .    t - +5 dagger of War {heavy, rN+ MP+9}
rCold   . . .      Faith    .    (no shield)
rNeg    + . .      Spirit   .    r - +3 scale mail {rPois}
rPois   +          Reflect  .    c - +0 helmet
rElec   .          Rampage  .    (no cloak)
rCorr   .                        (no gloves)
Will    .....                    (no boots) Stlth
                                 (no amulet)
HPRegen 0.29/turn                p - ring of magical power
MPRegen 0.19/turn                (no ring)

@: mighty
A: repulsion field 1, powered by death 1, powered by pain 3
a: no special abilities


You were on level 4 of the Dungeon.
You visited 1 branch of the dungeon, and saw 4 of its levels.

You collected 243 gold pieces.

Inventory:

Hand Weapons
 a - a +0 rapier
 f - a +0 short sword of venom
 t - the +5 dagger of War (weapon) {heavy, rN+ MP+9}
   (You found it on level 4 of the Dungeon)

   rN:        It protects you from negative energy.
   MP:        It affects your magic capacity (+9).
Missiles
 d - 4 throwing nets (quivered)
 j - 14 poisoned darts
 n - a javelin
Armour
 b - a +0 leather armour
 c - a +0 helmet (worn)
 r - a +3 scale mail of poison resistance (worn)
Jewellery
 p - a ring of magical power (left hand)
Wands
 e - a wand of paralysis (6)
Scrolls
 k - 3 scrolls of silence
 u - a scroll of brand weapon {unknown}
Potions
 g - 2 potions of attraction {unknown}
 h - 3 potions of haste
 i - a potion of brilliance
 l - 3 potions of flight {unknown}
 m - 4 potions of curing
 o - a potion of might {unknown}
 q - a potion of lignification {unknown}
 s - a potion of magic {unknown}


   Skills:
 - Level 5.0 Fighting
 - Level 4.0 Short Blades
 + Level 5.2 Throwing
 - Level 4.0 Dodging


You had 6 spell levels left.
You didn't know any spells.
Your spell library contained the following spells:

 Spells                   Type           Power      Damage    Failure   Level
 Apportation              Tloc           0%         N/A       83%         1
 Slow                     Hex            0%         N/A       83%         1
 Cigotuvi's Dreadful Rot  Necr/Pois/Air  0%         N/A       93%         2
 Ensorcelled Hibernation  Hex/Ice        0%         N/A       93%         2
 Passwall                 Tmut/Erth      0%         N/A       93%         2
 Poisonous Vapours        Pois/Air       0%         N/A       93%         2
 Confusing Touch          Hex            0%         N/A       99%         3
 Mephitic Cloud           Conj/Pois/Air  0%         N/A       99%         3
 Swiftness                Air            0%         N/A       99%         3
 Vampiric Draining        Necr           0%         2d6       99%         3
 Alistair's Intoxication  Tmut/Pois      0%         N/A       100%        5
 Iskenderun's Battlesphe  Conj           0%         2d6       100%        5
 Iron Shot                Conj/Erth      0%         9d1       100%        6
 Spellforged Servitor     Conj/Summ      0%         N/A       100%        7


Dungeon Overview and Level Annotations

Branches:
Dungeon (4/15)             Temple (0/1) D:4

Altars:
Wu Jian

Annotations:
D:3 1 runed translucent door


Innate Abilities, Weirdness & Mutations

You are surrounded by a mild repulsion field. (EV +2)
You regenerate a little health from kills.
You are powered by pain.


Message History

A kobold comes into view. It is wielding a +0 whip.
You barely miss the orc priest.
The orc priest is heavily wounded.
The kobold shouts!
The orc completely misses you.
The orc priest hits you with a +0 dagger.
The orc completely misses you.
The orc priest hits you from afar with a +0 trident.
You hit the orc priest.
The orc priest is heavily wounded.
The orc priest hits you but does no damage.
The orc hits you but does no damage.
The orc priest calls down the wrath of Beogh upon you.
Beogh smites you! The orc hits you but does no damage.
Unknown command.
You hit the orc priest.
The orc priest is almost dead.
The orc priest calls down the wrath of Beogh upon you.
Beogh smites you!
You focus on the pain.
You feel very mighty all of a sudden. The orc hits you but does no damage.
The orc priest hits you from afar with a +0 trident.
The orc closely misses you. The orc hits you with a +0 falchion.
The orc priest hits you from afar with a +0 trident.
The orc hits you but does no damage.
The orc priest looks braver for a moment.
The orc attacks as you move away! The orc misses you.
The orc attacks as you move away! The orc closely misses you.
The orc priest calls down the wrath of Beogh upon you.
Beogh smites you!
* * * LOW HITPOINT WARNING * * *
Unknown command.
Okay, then.
Okay, then.
The orc attacks as you move away! The orc misses you.
Unknown command.
You feel better. The orc hits you but does no damage.
The orc priest invokes the aid of Beogh against you.
Beogh smites you!
You die...

#######⌠.⌠#######.#
.....#.>.+.......####+++#
.#####⌠.⌠#####...........
###'### #..<...#...
###.### ##......... #.# #
#.........
.######.######...##......
#.......#oK..............
#.......@ooKK.......)....
##........#ho.#.####.....
##......###............#
##.....# ##............
##..... ............
#...... ...........
##...... ..........
##...#. ###.#..


You could see a hound, 2 orc priests, 2 orcs and 3 kobolds.

Vanquished Creatures
  Eustachio (D:3)
  A steam dragon (D:4)
  The ghost of FexLirch the Cutter, an amateur KoBr (D:3)
  A black bear (D:4)
  An orc priest (D:4)
  A jelly (D:3)
  Ijyb (D:4)
  An iguana (D:3)
  4 gnolls
  8 adders
  A river rat (D:3)
  An ufetubus (D:3)
  4 worms
  A dart slug (D:1)
  4 orcs (D:3)
  A ball python (D:2)
  5 bats
  6 endoplasms
  2 giant cockroaches
  2 goblins (D:2)
  9 hobgoblins
  4 jackals (D:1)
  4 quokkas
  7 kobolds
  4 rats
75 creatures vanquished.

Vanquished Creatures (others)
  7 toadstools (D:4)
7 creatures vanquished.

Grand Total: 82 creatures vanquished

Notes
Turn   | Place    | Note
-------+----------+-------------------------------------------
     0 | D:1      | Newt the Demonspawn Gladiator began the quest for the Orb.
     0 | D:1      | Reached XP level 1. HP: 16/16 MP: 1/1
   139 | D:1      | Gained mutation: You sometimes gain a little power by
                  | taking damage. [demonic ancestry]
   139 | D:1      | Reached XP level 2. HP: 23/23 MP: 2/2
  1026 | D:2      | Gained mutation: You sometimes gain power by taking damage.
                  | [demonic ancestry]
  1026 | D:2      | Reached XP level 3. HP: 24/29 MP: 3/3
  1239 | D:2      | Found an ornate altar of the Wu Jian Council.
  1284 | D:2      | Gained mutation: You regenerate a little health from kills.
                  | [demonic ancestry]
  1284 | D:2      | Reached XP level 4. HP: 20/38 MP: 4/4
  1549 | D:3      | Found a runed translucent door.
  1570 | D:3      | Reached skill level 5 in Fighting
  1777 | D:3      | Gained mutation: You are surrounded by a mild repulsion
                  | field. (EV +2) [demonic ancestry]
  1777 | D:3      | Reached XP level 5. HP: 44/44 MP: 5/5
  2153 | D:3      | Noticed FexLirch's ghost (amateur KoBr)
  2169 | D:3      | Found a runed translucent door.
  2495 | D:3      | Killed FexLirch's ghost
  2496 | D:3      | Gained mutation: You are powered by pain. [demonic
                  | ancestry]
  2496 | D:3      | Reached XP level 6. HP: 39/51 MP: 6/6
  2545 | D:4      | Noticed Eustachio
  2590 | D:3      | Killed Eustachio
  3482 | D:4      | Noticed Ijyb
  3508 | D:4      | Killed Ijyb
  3509 | D:4      | Reached XP level 7. HP: 42/56 MP: 7/7
  3718 | D:4      | Identified the +5 dagger of War {heavy, rN+ MP+9}
  3721 | D:4      | Noticed a steam dragon
  3736 | D:4      | Killed a steam dragon
  3888 | D:4      | Reached skill level 5 in Throwing
  3921 | D:4      | Found a staircase to the Ecumenical Temple.
  3947 | D:4      | Killed from afar by an orc priest

Illustrated notes

Levels and vault maps discovered:
D:1:      reono_arrival_forest_river, layout_basic
D:2:      layout_rooms, basic_altar
D:3:      layout_rooms, ebering_ghost_sewer_f, minmay_misc_feat_chi
D:4:      cheibrodos_fertilizer, layout_cave_pools,
          mainiacjoe_overflow_large_starburst, temple_doors_e,
          serial_column_ruins, column_ruins_hut_ruined, column_ruins_hut,
          column_ruins_columns_straight, column_ruins_grid_1,
          column_ruins_grid_3, column_ruins_columns_corner, uniq_eustachio,
          uniq_ijyb

Skill      XL: |  1  2  3  4  5  6  7 |
---------------+----------------------+-----
Fighting       | 3 4 5 |  5.0
Short Blades   | 3 4 |  4.0
Dodging        | 3 4 |  4.0
Throwing       | 3 5 |  5.2

Action                     |  1- 3 |  4- 6 |  7- 9 || total
---------------------------+-------+-------+-------++-------
  Melee: Rapier            |    13 |       |       ||    13
         Short sword       |   113 |   209 |    15 ||   337
         Punch             |     2 |     3 |       ||     5
         Dagger            |       |       |    20 ||    20
  Throw: Javelin           |       |     3 |       ||     3
    Use: Scroll            |     1 |     6 |       ||     7
         Potion            |       |     2 |     1 ||     3
 Armour: Leather armour    |    41 |    39 |     1 ||    81
         Scale mail        |       |       |    28 ||    28
  Dodge: Dodged            |    77 |   174 |    51 ||   302

Table legend: (Time is in decaauts)
 A = Elapsed time spent in this place.
 B = Non-inter-level travel time spent in this place.
 C = Inter-level travel time spent in this place.
 D = Time resting spent in this place.
 E = Time spent auto-exploring this place.
 F = Levels seen in this place.
 G = Mean time per level.
                   A        B        C        D        E       F      G
               +--------+--------+--------+--------+--------+-----+--------+
         Total |   3900 |   3796 |    104 |   1141 |   1992 |   4 |  975.0 |
       Dungeon |   3900 |   3796 |    104 |   1141 |   1992 |   4 |  975.0 |
               +--------+--------+--------+--------+--------+-----+--------+

Top non-repeatable levels by time:
     D:3: 1788 daAuts
     D:1: 1014 daAuts
     D:4: 595 daAuts
     D:2: 501 daAuts
